 Dungeon Crawl Stone Soup version 0.28-a0-863-g8cecda6153 (webtiles) character file.

Game seed: 7421158408742595182

5505 kae the Martial Artist (level 10, -6/100 HPs)
             Began as a White Draconian Transmuter on Nov 16, 2021.
             Shot with an arrow by a centaur warrior (18 damage)
             ... on level 9 of the Dungeon.
             The game lasted 00:08:58 (12832 turns).

kae the Martial Artist (DrTm)                      Turns: 12832, Time: 00:08:59

Health: -6/100     AC:  7    Str: 12    XL:     10   Next: 42%
Magic:  0/18       EV: 12    Int: 16    God:
Gold:   393        SH:  0    Dex: 13    Spells: 7/20 levels left

rFire   x . .      SeeInvis .     - Unarmed
rCold   + + +      Faith    .   (shield currently unavailable)
rNeg    . . .      Spirit   +   (armour unavailable)
rPois   +          Reflect  .   (helmet currently unavailable)
rElec   .          Harm     .   (cloak currently unavailable)
rCorr   .          Rampage  .   (gloves currently unavailable)
Will    .....                   (boots currently unavailable)
Stlth   +.........              c - amulet of guardian spirit
HPRegen 0.26/turn               (no ring)
MPRegen 0.16/turn               (no ring)

@: about to teleport, ice-form, slowed, studying Polearms, very slow
A: freezing attack, amphibious, boosted hp, (breathe frost), AC +7, large,
unfitting armour, (cold resistance 1), (cold-blooded)
a: End Transformation


You were on level 9 of the Dungeon.
You were a creature of crystalline ice.
You visited 1 branch of the dungeon, and saw 9 of its levels.

You collected 493 gold pieces.
You spent 100 gold pieces at shops.

Inventory:

Jewellery
 c - an amulet of guardian spirit (around neck)
 m - a ring of poison resistance
Wands
 g - a wand of mindburst (12)
Scrolls
 e - a scroll of amnesia
 f - 7 scrolls of identify
 j - a scroll of magic mapping
 l - a scroll of holy word {unknown}
Potions
 a - 2 potions of berserk rage
 b - 2 potions of degeneration
 d - 3 potions of curing
 i - a potion of invisibility
 k - 2 potions of flight


   Skills:
 + Level 6.6 Fighting
 + Level 5.8 Dodging
 * Level 9.4 Unarmed Combat
 + Level 5.9 Spellcasting
 + Level 6.4 Transmutations
 - Level 4.0 Ice Magic
 - Level 2.0 Poison Magic


You had 7 spell levels left.
You knew the following spells:

 Your Spells              Type           Power      Damage    Failure   Level
a - Beastly Appendage     Tmut           50%        N/A       1%          1
b - Spider Form           Tmut/Pois      18%        N/A       8%          3
c - Ice Form              Ice/Tmut       21%        N/A       16%         4
y - Swiftness             Air            4%         N/A       38%         3
z - Passwall              Tmut/Erth      12%        N/A       5%          2

Your spell library contained the following spells:

 Spells                   Type           Power      Damage    Failure   Level
 Wereblood                Tmut           25%        N/A       1%          2
 Magic Dart               Conj           16%        1d3       14%         1
 Slow                     Hex            16%        N/A       14%         1
 Searing Ray              Conj           8%         2d4       22%         2
 Static Discharge         Conj/Air       4%         N/A       22%         2
 Call Canine Familiar     Summ           4%         N/A       38%         3
 Confusing Touch          Hex            4%         N/A       38%         3
 Inner Flame              Hex/Fire       4%         N/A       38%         3
 Portal Projectile        Hex/Tloc       8%         N/A       38%         3
 Vampiric Draining        Necr           4%         2d6       38%         3
 Olgreb's Toxic Radiance  Pois           11%        N/A       52%         4
 Cause Fear               Hex            2%         N/A       80%         4
 Dispel Undead            Necr           4%         3d7       80%         4
 Fulminant Prism          Conj/Hex       2%         3d6       80%         4
 Leda's Liquefaction      Hex/Erth       2%         N/A       80%         4
 Sticky Flame             Conj/Fire      4%         2d3       80%         4
 Ozocubu's Refrigeration  Ice            8%         4d6       100%        7
 Discord                  Hex            2%         N/A       100%        8
 Ignition                 Fire           2%         3d3       100%        8


Dungeon Overview and Level Annotations

Branches:
Dungeon (9/15)             Temple (0/1) D:5            Lair (0/6) D:9
    Orc: D:9-12

Altars:
Cheibriados
Elyvilon
Okawaru
Yredelemnul
Zin
The Shining One

Shops:
D:6 *


Innate Abilities, Weirdness & Mutations

You are a creature of crystalline ice.
You have a powerful freezing melee attack.
You are amphibious.
Your maximum health is increased.
Your armour is entirely melded.
You are incapable of wielding weapons or throwing items.
((You can breathe waves of freezing cold which knock back foes.))
((Your icy white scales are hard. (AC +7)))
You cannot fit into any form of body armour.
((Your flesh is cold resistant. (rC+)))
((You are cold-blooded and may be slowed by cold attacks.))


Message History

The orc warrior hits you with a +0 war axe!
You are too injured to fight recklessly!
You are too injured to fight recklessly!
You barely miss the orc warrior.
The orc warrior is moderately wounded.
The orc warrior hits you with a +0 war axe.
You hit the orc warrior but do no damage.
The orc warrior is moderately wounded.
The orc warrior closely misses you.
You hit the orc warrior but do no damage.
The orc warrior is moderately wounded.
The orc warrior hits you with a +0 war axe.
You pummel the orc warrior!! You freeze the orc warrior.
You kill the orc warrior!
The freezing wraith closely misses you. The freezing wraith hits you!
The freezing wraith drains your vigour!
You feel yourself slow down.
A river rat comes into view.
As you read the scroll of teleportation, it crumbles to dust.
You feel strangely unstable. The freezing wraith misses you.
The freezing wraith hits you!
The freezing wraith hits you but does no damage.
The freezing wraith hits you!
* * * LOW HITPOINT WARNING * * *
The freezing wraith drains your vigour!
You feel as though you will be slow longer.
A bullfrog comes into view.
Your surroundings suddenly seem different. 3 yaks, a centaur warrior, a wight and a zombie come into view.
The wight is wielding a +3 halberd of freezing.
Found a staircase to the Lair.
The death yak bellows! x2
The bullfrog moves out of view.
As you read the scroll of teleportation, it crumbles to dust.
You feel strangely unstable.
A death yak comes into view.
The death yak gores you!!
* * * LOW HITPOINT WARNING * * *
The centaur warrior wields a +3 shortbow.
The centaur warrior shoots an arrow.
The arrow hits you!!
You die...

# #...Y###....
#..Z....#..#
#...c.>Y...# .
..........##..
#...Y......
#........#
..#....Y...#
.......Y...#
..#..#.....#
... ..z.#### .
......#
........#
........#
.......##
......#


You could see 3 death yaks, a centaur warrior, a yak, a wight and a howler
monkey zombie.

Vanquished Creatures
  An unseen horror (D:6)
  2 trolls (D:9)
  A slime creature (D:9)
  2 wyverns
  A yak (D:9)
  A water moccasin (D:6)
  2 ice beasts (D:6)
  A sky beast (D:6)
  5 orc warriors
  4 necrophages
  A hornet zombie (D:8)
  4 centaurs
  2 phantoms
  4 bullfrogs
  5 scorpions
  3 gnoll sergeants
  A water moccasin zombie (D:5)
  A killer bee (D:9)
  3 wights (D:8)
  4 howler monkeys
  2 bullfrog zombies
  2 centaur zombies
  4 hounds
  A centaur skeleton (D:4)
  2 jellies (D:8)
  A bullfrog skeleton (D:6)
  7 orc priests
  2 iguanas
  5 orc wizards
  Natasha (thrice) (D:3)
  A hell rat (D:9)
  A killer bee zombie (D:9)
  A hound zombie (D:5)
  A howler monkey zombie (D:9)
  8 adders
  13 gnolls
  2 howler monkey skeletons (D:7)
  A river rat (D:9)
  A shadow imp (D:6)
  3 white imps
  An ufetubus (D:4)
  4 worms
  2 dart slugs
  37 orcs
  6 ball pythons
  3 endoplasms
  2 giant cockroaches (D:1)
  6 goblins
  6 hobgoblins
  9 jackals
  2 quokkas
  5 bats
  7 frilled lizards
  8 kobolds
  3 rats
210 creatures vanquished.

Vanquished Creatures (others)
  21 plants
21 creatures vanquished.

Grand Total: 231 creatures vanquished

Notes
Turn   | Place    | Note
-------+----------+-------------------------------------------
     0 | D:1      | kae the Draconian Transmuter began the quest for the Orb.
     0 | D:1      | Reached XP level 1. HP: 16/16 MP: 3/3
   245 | D:1      | Reached XP level 2. HP: 23/23 MP: 3/5
   747 | D:2      | Reached XP level 3. HP: 29/29 MP: 4/6
   751 | D:2      | Learned a level 3 spell: Spider Form
  1538 | D:2      | Reached XP level 4. HP: 27/36 MP: 7/7
  2110 | D:3      | Reached skill level 4 in Unarmed Combat
  2110 | D:3      | Reached skill level 1 in Poison Magic
  2117 | D:3      | Reached XP level 5. HP: 33/41 MP: 5/8
  2226 | D:3      | Noticed Natasha
  2234 | D:3      | Killed Natasha
  2493 | D:3      | Noticed Natasha
  2511 | D:3      | Killed Natasha
  2623 | D:3      | Noticed Natasha
  3195 | D:3      | Found a faded altar of an unknown god.
  3405 | D:3      | Killed Natasha
  3758 | D:4      | Reached XP level 6. HP: 44/50 MP: 7/10
  3825 | D:4      | Learned a level 4 spell: Ice Form
  4276 | D:4      | Reached skill level 1 in Ice Magic
  4743 | D:4      | Your scales start taking on an icy white colour.
  4743 | D:4      | Reached XP level 7. HP: 50/56 MP: 7/11
  4743 | D:4      | Gained mutation: Your flesh is cold resistant. (rC+) [White
                  | Draconian growth]
  4964 | D:4      | Reached skill level 5 in Unarmed Combat
  5067 | D:5      | Entered Level 5 of the Dungeon
  5700 | D:5      | You fall into a shaft and drop 3 floors!
  5859 | D:7      | Found a glowing golden altar of the Shining One.
  5888 | D:7      | Found a snail-covered altar of Cheibriados.
  6043 | D:7      | Noticed a wyvern
  6049 | D:7      | Killed a wyvern
  6052 | D:7      | Found a basalt altar of Yredelemnul.
  6076 | D:6      | Reached XP level 8. HP: 43/64 MP: 9/13
  6094 | D:6      | HP: 3/66 [poisoned by a scorpion]
  6095 | D:6      | Reached skill level 6 in Unarmed Combat
  6097 | D:6      | HP: 1/66 [poisoned by a scorpion]
  6723 | D:5      | Found a white marble altar of Elyvilon.
  6843 | D:5      | Found a staircase to the Ecumenical Temple.
  7789 | D:6      | Found Sasus's General Store.
  7795 | D:6      | Reached skill level 7 in Unarmed Combat
  7879 | D:6      | Bought a scroll of identify for 20 gold pieces
  7879 | D:6      | Bought a potion of invisibility for 80 gold pieces
  7934 | D:6      | Reached XP level 9. HP: 72/72 MP: 11/15
  8130 | D:6      | Reached skill level 5 in Transmutations
  8132 | D:6      | Reached skill level 5 in Fighting
  8329 | D:6      | Killed an unseen horror
  8909 | D:6      | Found an iron altar of Okawaru.
  9121 | D:7      | Reached skill level 5 in Spellcasting
  9130 | D:7      | Reached skill level 8 in Unarmed Combat
  9179 | D:7      | Reached skill level 5 in Dodging
  9572 | D:7      | Found a glowing silver altar of Zin.
 11079 | D:8      | Reached XP level 10. HP: 83/83 MP: 14/18
 11082 | D:8      | Learned a level 2 spell: Passwall
 11086 | D:8      | Learned a level 3 spell: Swiftness
 12100 | D:9      | Reached skill level 9 in Unarmed Combat
 12831 | D:9      | Found a staircase to the Lair.
 12831 | D:9      | Noticed a centaur warrior
 12831 | D:9      | Noticed a death yak
 12831 | D:9      | Noticed a death yak
 12832 | D:9      | Noticed a death yak
 12832 | D:9      | Shot with an arrow by a centaur warrior

Illustrated notes

Levels and vault maps discovered:
D:1:      minmay_arrival_hallway, layout_rooms, serial_bayou_pond_e
D:2:      layout_loops_ring, minmay_misc_feat_tiny
D:3:      layout_rooms, ebering_ecumenical_altar_mist, uniq_natasha
D:4:      layout_loops_ring
D:5:      layout_basic, nicolae_elyvilon_temple_path,
          minmay_temple_entry_metal_lava
D:6:      layout_rooms, okawaru_altar_gauntlet_db, serial_shops, shop,
          minmay_manual_macuahuitl
D:7:      layout_loops_cross, nicolae_overflow_quartered_altars
D:8:      layout_basic
D:9:      minmay_the_grid_net [minmay_the_grid_medium_cups,
          minmay_the_grid_aliased_spiral, minmay_the_grid_holed_spiral,
          minmay_the_grid_plusring, minmay_the_grid_garden,
          minmay_the_grid_prize_big_room], layout_rooms, dpeg_lair_monsters

Skill      XL: |  1  2  3  4  5  6  7  8  9 10 |
---------------+-------------------------------+-----
Dodging        | 2 3 4 5 |  5.8
Fighting       | 2 3 4 6 |  6.6
Unarmed Combat | 4 5 7 8 9 |  9.4
Poison Magic   | 1 2 |  2.0
Spellcasting   | 3 4 5 |  5.9
Transmutations | 3 4 5 6 |  6.4
Ice Magic      | 1 3 4 |  4.0

Action                   |  1- 3 |  4- 6 |  7- 9 | 10-12 || total
-------------------------+-------+-------+-------+-------++-------
Melee: Unarmed           |   129 |   146 |   336 |    82 ||   693
       Kick              |    15 |    11 |       |       ||    26
       Headbutt          |    13 |     4 |       |       ||    17
       Tailslap          |     6 |     7 |     3 |       ||    16
       Punch             |     2 |     2 |     2 |     1 ||     7
 Cast: Beastly Appendage |    20 |    14 |       |       ||    34
       Spider Form       |       |    14 |    19 |       ||    33
       Ice Form          |       |       |    26 |    14 ||    40
  Use: Scroll            |     1 |     6 |     4 |     4 ||    15
       Potion            |       |     6 |       |       ||     6
 Stab: Sleeping          |     2 |       |       |       ||     2
       Distracted        |       |       |     1 |       ||     1
Armor: Skin              |    46 |    30 |    72 |    18 ||   166
Dodge: Dodged            |   113 |   119 |   214 |    54 ||   500

Table legend: (Time is in decaauts)
 A = Elapsed time spent in this place.
 B = Non-inter-level travel time spent in this place.
 C = Inter-level travel time spent in this place.
 D = Time resting spent in this place.
 E = Time spent auto-exploring this place.
 F = Levels seen in this place.
 G = Mean time per level.
                   A        B        C        D        E       F      G
               +--------+--------+--------+--------+--------+-----+--------+
         Total |  12777 |  12526 |    251 |   1026 |   9873 |   9 | 1419.7 |
       Dungeon |  12777 |  12526 |    251 |   1026 |   9873 |   9 | 1419.7 |
               +--------+--------+--------+--------+--------+-----+--------+

Top non-repeatable levels by time:
     D:6: 2068 daAuts
     D:3: 1989 daAuts
     D:8: 1956 daAuts
     D:4: 1337 daAuts
     D:5: 1249 daAuts
     D:2: 1240 daAuts
     D:7: 1154 daAuts
     D:9: 1050 daAuts
     D:1: 731 daAuts
